 Dungeon Crawl Stone Soup version 0.28-a0-687-gb91baff9cc (webtiles) character file.

Game seed: 6007301419965655466

4658 Irenicus the Geomancer (level 10, 16/75 HPs)
             Began as a Deep Dwarf Earth Elementalist on Oct 19, 2021.
             Was a Follower of Makhleb.
             Quit the game on level 9 of the Dungeon.
             The game lasted 00:34:18 (4471 turns).

Irenicus the Geomancer (DDEE)                       Turns: 4471, Time: 00:34:19

Health: 16/75      AC:  8    Str: 12 (13) XL:     10   Next: 20%
Magic:  3/21       EV: 11    Int: 17 (18) God:    Makhleb [*.....]
Gold:   216        SH:  0    Dex: 12 (13) Spells: 19/25 levels left

rFire   + + .      SeeInvis .   v - staff of air {!a}
rCold   + . .      Faith    .   (no shield)
rNeg    . . .      Spirit   .   z - +2 leather armour {rC+}
rPois   +          Reflect  .   y - +1 hat
rElec   +          Harm     .   a - +0 cloak
rCorr   .          Rampage  .   (no gloves)
Will    +....                   j - +0 pair of boots
Stlth   ++........              k - amulet of magic regeneration
HPRegen 0.00/turn               P - ring of poison resistance
MPRegen 0.42/turn               F - ring of protection from fire

@: no status effects
A: damage resistance, heal wounds, sense surroundings 2, no regeneration, hooves
1, fire resistance 1
a: Heal Wounds, Renounce Religion


You were on level 9 of the Dungeon.
You worshipped Makhleb.
Makhleb was aware of your devotion.
You visited 2 branches of the dungeon, and saw 10 of its levels.

You collected 425 gold pieces.
You spent 209 gold pieces at shops.


Innate Abilities, Weirdness & Mutations

You are resistant to damage.
You can heal yourself by infusing magical energy.
You passively map the area around you.
You do not regenerate.
You have large cloven feet.
Your flesh is heat resistant. (rF+)


   Skills:
 - Level 2.1 Dodging
 - Level 2.4 Stealth
 + Level 8.4 Spellcasting
 - Level 4.0 Conjurations
 - Level 0.8 Transmutations
 - Level 14.0 Earth Magic


You had 19 spell levels left.
You knew the following spells:

 Your Spells              Type           Power      Damage    Failure   Level
t - Stone Arrow           Conj/Erth      74%        3d11      1%          3
w - Passwall              Tmut/Erth      26%        N/A       1%          2
z - Sandblast             Erth           100%       2d20      1%          1

Your spell library contained the following spells:

 Spells                   Type           Power      Damage    Failure   Level
 Shock                    Conj/Air       80%        1d8       5%          1
 Petrify                  Tmut/Erth      32%        N/A       6%          4
 Freeze                   Ice            28%        1d5       13%         1
 Pain                     Necr           28%        1d5       13%         1
 Conjure Flame            Conj/Fire      13%        6-21      17%         3
 Poisonous Vapours        Pois/Air       20%        N/A       19%         2
 Scorch                   Fire           14%        2d6       19%         2
 Ignite Poison            Fire/Tmut/Pois 8%         N/A       34%         3
 Ozocubu's Armour         Ice            7%         N/A       36%         3
 Portal Projectile        Hex/Tloc       14%        N/A       36%         3
 Flame Wave               Conj/Fire      13%        3d5       50%         4
 Sticky Flame             Conj/Fire      13%        2d4       50%         4
 Olgreb's Toxic Radiance  Pois           7%         N/A       77%         4
 Freezing Cloud           Conj/Ice/Air   8%         6-21      90%         5
 Blade Hands              Tmut           5%         N/A       94%         5
 Agony                    Necr           7%         N/A       98%         5
 Excruciating Wounds      Necr           3%         N/A       98%         5
 Metabolic Englaciation   Hex/Ice        3%         N/A       98%         5
 Simulacrum               Ice/Necr       3%         N/A       100%        6
 Summon Cactus Giant      Summ           3%         N/A       100%        6
 Ozocubu's Refrigeration  Ice            3%         4d5       100%        7
 Ignition                 Fire           3%         3d4       100%        8
 Polar Vortex             Ice            3%         N/A       100%        9

Inventory:

Hand Weapons
 b - a +5 quarterstaff of chaos
 m - the +10 dagger of Enumna {freeze, rF- rC+ rN+++ Int-3}
   (You found it on level 4 of the Dungeon)

   It freezes those it strikes, dealing additional cold damage.
   It can also slow down cold-blooded creatures.
   Int:       It affects your intelligence (-3).
   rF:        It makes you vulnerable to fire.
   rC:        It protects you from cold.
   rN:        It renders you almost immune to negative energy.
Missiles
 c - 99 stones
 l - a throwing net {=f}
Armour
 a - a +0 cloak (worn)
 j - a +0 pair of boots (worn)
 y - a +1 hat (worn)
 z - a +2 leather armour of cold resistance (worn)
 A - the +0 pair of boots of Dawn {Fly rF+++ rCorr Int-4}
   (You bought it in a shop on level 6 of the Dungeon)

   Int:       It affects your intelligence (-4).
   rF:        It renders you almost immune to fire.
   Fly:       It grants you flight.
   rCorr:     It protects you from acid and corrosion.
Magical Staves
 e - a staff of fire {!a}
 v - a staff of air (weapon) {!a}
Jewellery
 k - an amulet of magic regeneration (around neck)
 F - a ring of protection from fire (right hand)
 P - a ring of poison resistance (left hand)
 W - a ring of willpower
Wands
 g - a wand of polymorph (11)
Scrolls
 d - a scroll of holy word
 f - 3 scrolls of teleportation {@r2}
 h - a scroll of blinking
 p - 2 scrolls of immolation
Potions
 q - 4 potions of curing {@q1}
 r - a potion of mutation
 s - a potion of lignification
 w - 2 potions of attraction
 B - 2 potions of haste {@q3}

Dungeon Overview and Level Annotations

Branches:
Dungeon (9/15)             Temple (1/1) D:4
   Lair: D:8-11         Orc: D:9-12

Altars:
Ashenzari
Cheibriados
Dithmenos
Elyvilon
Fedhas
Gozag
Hepliaklqana
Kikubaaqudgha
Makhleb
Nemelex Xobeh
Okawaru
Qazlal
Ru
Sif Muna
Trog
Uskayaw
Vehumet
Wu Jian
Xom
Yredelemnul
Zin
The Shining One

Shops:
D:4 * D:6

* * , #.#.#... **
♣♣♣#...#... *
♣......#... , *,
♣♣.♣##..#.#. , *
♣♣♣..♣#...#.#. **
,,
♣♣♣♣...♣♣#.#.#.#.
* ♣♣.♣.♣.♣♣
#...#.+. * *
♣.))♣♣♣♣ #.....#.
* * ,♣@♣♣♣
#.#.#.#. ,* ,
*,♣..♣ #.#.#)#. #
♣♣.. #.#.#.## #
*, * ♣♣.♣*
#.#.#.#. # ** ..
#.#.#.#. # , *
♣♣.* #...#... # i
#######. # * * ♣*
#. , #.


You could see a spriggan.


Message History

A gnoll comes into view.
It is wielding a +0 club and quivering atropa-tipped darts.
Casting: Stone Arrow (safe; 1% risk of failure)
Confirm with . or Enter, or press ? or * to list all spells.
You don't have enough magic to cast this spell.
Unknown command.
Casting: Stone Arrow (safe; 1% risk of failure)
Confirm with . or Enter, or press ? or * to list all spells.
You don't have enough magic to cast this spell.
Unknown command.
Items here: )) [ †.
Casting: Stone Arrow (safe; 1% risk of failure)
Confirm with . or Enter, or press ? or * to list all spells.
Aiming: Sandblast (safe; 1% risk of failure)
Press: ? - help, Shift-Dir - straight line, f - gnoll
Aim: a gnoll, wielding a +0 club and quivering atropa-tipped darts (86% to hit)
The blast of sand hits the gnoll!!
You kill the gnoll!
Makhleb accepts your kill.
Casting: Sandblast (safe; 1% risk of failure)
Confirm with . or Enter, or press ? or * to list all spells.
You can't see any susceptible monsters within range! (Use Z to cast anyway.) Unknown command.
Items here: )) [[.
Casting: Sandblast (safe; 1% risk of failure)
Confirm with . or Enter, or press ? or * to list all spells.
Okay, then.
A spriggan comes into view. It is wielding a +0 short sword.
Things that are here:
a +0 club; 3 atropa-tipped darts Are you sure you want to abandon this character and quit the game? (Confirm with "yes".)

Skill      XL: |  1  2  3  4  5  6  7  8  9 10 |
---------------+-------------------------------+-----
Earth Magic    | 5 7 8 10 11 13 14 | 14.0
Spellcasting   | 3 5 7 8 |  8.4
Conjurations   | 4 |  4.0
Dodging        | |  2.1
Stealth        | |  2.4
Transmutations | |  0.8

Action                   |  1- 3 |  4- 6 |  7- 9 | 10-12 || total
-------------------------+-------+-------+-------+-------++-------
Melee: Unarmed           |     8 |       |       |       ||     8
       Club              |    56 |       |       |       ||    56
       Staff             |     2 |     1 |     1 |     5 ||     9
 Cast: Sandblast         |    40 |    33 |    81 |     9 ||   163
       Passwall          |     1 |    11 |    25 |    11 ||    48
       Stone Arrow       |       |    11 |    79 |    27 ||   117
 Abil: Heal Wounds       |     2 |       |       |     1 ||     3
  Use: Potion            |     2 |       |     2 |    10 ||    14
       Scroll            |       |       |     8 |     2 ||    10
 Stab: Invisible         |     5 |       |       |       ||     5
       Sleeping          |       |     1 |       |       ||     1
Armor: Robe              |    34 |       |       |       ||    34
       Leather armour    |     5 |     2 |    20 |     7 ||    34
       Skin              |       |       |       |    14 ||    14
Dodge: Dodged            |    99 |     5 |    37 |     4 ||   145

Levels and vault maps discovered:
D:1:      wander_arrival_desolate, layout_loops_ring,
          shapermc_ecumenical_altar_rom_forum, chequers_jeans
D:2:      kennysheep_six_static_rooms, layout_rooms, minmay_diced_spiral
D:3:      layout_loops_corners, corexii_corridor_pit, minmay_misc_feat_rows,
          st_stairs_9, uniq_crazy_yiuf_cottage
D:4:      layout_gridville, minmay_temple_entry_sparse_star, serial_undead,
          serial_undead_b, serial_undead_f, serial_undead_d, serial_undead_e,
          serial_undead_f, serial_undead_a, nicolae_shop_overcharged_wands
D:5:      layout_cave_pools, mainiacjoe_overflow_24_doors
D:6:      layout_gridville, serial_shops, kennysheep_mini,
          minmay_misc_feat_doors, uniq_duvessa
D:7:      layout_layer_cave, gammafunk_temple_overflow_claw, uniq_joseph
D:8:      layout_basic, nicolae_underground_beach, uniq_grum
D:9:      kb_forest_paths, layout_basic, serial_park_tiny_pond
Temple:   hc_temple_tempest_star

Notes
Turn   | Place    | Note
-------+----------+-------------------------------------------
     0 | D:1      | Irenicus the Deep Dwarf Earth Elementalist began the quest
                  | for the Orb.
     0 | D:1      | Reached XP level 1. HP: 15/15 MP: 3/3
    49 | D:2      | Reached XP level 2. HP: 19/22 MP: 0/4
    77 | D:2      | Reached skill level 5 in Earth Magic
   120 | D:2      | HP: 2/22 [kobold (2)]
   150 | D:2      | Reached XP level 3. HP: 12/28 MP: 1/5
   198 | D:2      | Learned a level 2 spell: Passwall
   426 | D:3      | Reached skill level 6 in Earth Magic
   587 | D:3      | Noticed a sky beast
   626 | D:3      | Killed a sky beast
   627 | D:3      | Reached skill level 7 in Earth Magic
   627 | D:3      | Reached XP level 4. HP: 36/36 MP: 4/6
   627 | D:3      | Reached XP level 5. HP: 42/42 MP: 4/7
   665 | D:3      | Found a runed translucent door.
   666 | D:3      | Noticed Crazy Yiuf
   671 | D:3      | Killed Crazy Yiuf
   672 | D:3      | Reached skill level 8 in Earth Magic
   792 | D:4      | Found Alewy's Overcharged Wands.
   816 | D:4      | Found a staircase to the Ecumenical Temple.
   825 | Temple   | Entered the Ecumenical Temple
   901 | D:4      | Learned a level 3 spell: Stone Arrow
   911 | D:4      | Noticed an ogre
   921 | D:4      | Reached XP level 6. HP: 49/49 MP: 0/8
   925 | D:4      | Reached skill level 9 in Earth Magic
  1109 | D:4      | Reached skill level 10 in Earth Magic
  1218 | D:4      | Identified the +10 dagger of Enumna {freeze, rF- rC+ rN+++
                  | Int-3}
  1324 | D:3      | Noticed a water moccasin
  1329 | D:3      | Killed a water moccasin
  1330 | D:3      | Reached XP level 7. HP: 53/55 MP: 2/9
  1591 | D:1      | Got the Handbook of Feathers
  1901 | D:1      | Found a faded altar of an unknown god.
  1908 | D:1      | Got Plato's Collected Works on Ice
  2070 | D:5      | Entered Level 5 of the Dungeon
  2074 | D:5      | Reached skill level 2 in Spellcasting
  2074 | D:5      | Reached skill level 11 in Earth Magic
  2122 | D:5      | Reached skill level 3 in Spellcasting
  2247 | D:5      | Reached XP level 8. HP: 60/62 MP: 10/13
  2267 | D:5      | Found an iron altar of Okawaru.
  2342 | D:5      | Reached skill level 12 in Earth Magic
  2386 | D:6      | Found Otisyr's Assorted Antiques.
  2389 | D:6      | Bought a pair of glimmering boots for 209 gold pieces
  2389 | D:6      | Identified the +0 pair of boots of Dawn {Fly rF+++ rCorr
                  | Int-4} (You bought it in a shop on level 6 of the Dungeon)
  2429 | D:6      | Reached skill level 4 in Spellcasting
  2643 | D:6      | Noticed Dowan
  2650 | D:6      | Noticed Duvessa
  2665 | D:6      | Killed Duvessa
  2666 | D:6      | Reached skill level 5 in Spellcasting
  2666 | D:6      | Reached skill level 13 in Earth Magic
  2666 | D:6      | Killed Dowan
  3033 | D:7      | Found a sacrificial altar of Ru.
  3033 | D:7      | Found an opulent altar of Gozag.
  3034 | D:7      | Found a burning altar of Makhleb.
  3040 | D:7      | Became a worshipper of Makhleb the Destroyer
  3129 | D:7      | Gained mutation: You passively map the area around you.
                  | [Deep Dwarf growth]
  3129 | D:7      | Reached XP level 9. HP: 50/68 MP: 10/17
  3172 | D:7      | Noticed Joseph
  3186 | D:7      | Killed Joseph
  3410 | D:7      | Reached skill level 6 in Spellcasting
  3601 | D:8      | Reached skill level 14 in Earth Magic
  3607 | D:8      | Noticed Grum
  3612 | D:8      | Reached skill level 1 in Conjurations
  3617 | D:8      | Killed Grum
  3618 | D:8      | Reached skill level 2 in Conjurations
  3624 | D:8      | Noticed a two-headed ogre
  3664 | D:8      | Killed a two-headed ogre
  3665 | D:8      | Reached skill level 7 in Spellcasting
  3665 | D:8      | Reached skill level 3 in Conjurations
  3726 | D:8      | Reached skill level 4 in Conjurations
  3829 | D:8      | Reached * piety under Makhleb
  3885 | D:8      | Reached XP level 10. HP: 9/75 MP: 18/21
  3887 | D:8      | HP: 7/75 [kobold (2)]
  4141 | D:9      | HP: 3/75 [spriggan (6)]
  4144 | D:9      | Noticed a two-headed ogre
  4156 | D:9      | Gained mutation: Your flesh is heat resistant. (rF+)
                  | [potion of mutation]
  4156 | D:9      | Gained mutation: You have large cloven feet. [potion of
                  | mutation]
  4247 | D:9      | Reached skill level 8 in Spellcasting
  4437 | D:9      | HP: 7/75 [orc warrior (6)]
  4458 | D:9      | HP: 5/75 [spriggan (2)]
  4471 | D:9      | Quit the game

Vanquished Creatures
  A two-headed ogre (D:8)
  Joseph (D:7)
  A hornet (D:9)
  A wraith (D:8)
  A spriggan (D:9)
  Grum (D:8)
  3 water moccasins
  Duvessa (D:6)
  An ice beast (D:5)
  3 orc warriors
  An ogre (D:4)
  2 sky beasts
  A necrophage (D:8)
  3 wolves (D:8)
  A phantom (D:6)
  2 kobold brigands (D:8)
  A gnoll sergeant (D:9)
  5 bullfrogs
  Dowan (D:6)
  A wyvern skeleton (D:7)
  A howler monkey (D:8)
  2 centaur zombies
  2 bullfrog zombies
  Crazy Yiuf (D:3)
  A hound (D:6)
  4 jellies
  An orc priest (D:8)
  A bullfrog skeleton (D:7)
  3 centaur skeletons
  6 iguanas
  2 orc wizards
  2 scorpion zombies (D:4)
  A killer bee zombie (D:6)
  2 hound zombies
  8 adders
  7 gnolls
  A shadow imp (D:8)
  An ufetubus (D:5)
  An adder skeleton (D:4)
  2 adder zombies (D:4)
  A worm (D:5)
  3 dart slugs
  19 orcs
  4 endoplasms
  2 giant cockroaches
  5 goblins
  5 hobgoblins
  11 kobolds
  3 quokkas
  8 ball pythons
  4 bats (D:2)
  3 frilled lizards
  3 rats
152 creatures vanquished.

Vanquished Creatures (others)
  A kobold (D:2)
1 creature vanquished.

Grand Total: 153 creatures vanquished

Table legend: (Time is in decaauts)
 A = Elapsed time spent in this place.
 B = Non-inter-level travel time spent in this place.
 C = Inter-level travel time spent in this place.
 D = Time resting spent in this place.
 E = Time spent auto-exploring this place.
 F = Levels seen in this place.
 G = Mean time per level.
                   A        B        C        D        E       F      G
               +--------+--------+--------+--------+--------+-----+--------+
         Total |   4473 |   4261 |    212 |      0 |      0 |  10 |  447.3 |
       Dungeon |   4430 |   4218 |    212 |      0 |      0 |   9 |  492.2 |
        Temple |     42 |     42 |      0 |      0 |      0 |   1 |   42.0 |
               +--------+--------+--------+--------+--------+-----+--------+

Top non-repeatable levels by time:
     D:3: 712 daAuts
     D:6: 592 daAuts
     D:7: 571 daAuts
     D:4: 497 daAuts
     D:8: 470 daAuts
     D:2: 437 daAuts
     D:9: 414 daAuts
     D:1: 400 daAuts
     D:5: 334 daAuts
  Temple: 42 daAuts

Table legend:
 A = Non-vault XP
 B = Vault XP
 C = Vault XP percentage of total XP
 D = Non-vault monster count
 E = Vault monster count
 F = Vault count percentage of total count
                 A         B        C        D         E       F
            +---------+---------+-------+---------+---------+-------
      Total |    4809 |    1846 |  27.7 |     126 |      26 |  17.1
            +---------+---------+-------+---------+---------+-------
        D:1 |       9 |       0 |   0.0 |       6 |       0 |   0.0
        D:2 |      48 |      24 |  33.3 |      14 |       8 |  36.4
        D:3 |     310 |      46 |  12.9 |      12 |       2 |  14.3
        D:4 |     252 |     192 |  43.2 |      16 |       7 |  30.4
        D:5 |     749 |       0 |   0.0 |      18 |       0 |   0.0
        D:6 |     849 |     220 |  20.6 |      16 |       2 |  11.1
        D:7 |     336 |     471 |  58.4 |       8 |       1 |  11.1
        D:8 |    1669 |     545 |  24.6 |      29 |       4 |  12.1
        D:9 |     587 |     348 |  37.2 |       7 |       2 |  22.2
            +---------+---------+-------+---------+---------+-------
